 Dungeon Crawl Stone Soup version 0.28.0-53-g5a82cb258f (webtiles) character file.

Game seed: 9598477977120358729

291 yokelz the Conjurer (level 6, -4/44 HPs)
             Began as a Gnoll Conjurer on Aug 9, 2022.
             Killed by divine providence
             ... invoked by an orc priest
              (12 damage)
             ... on level 3 of the Dungeon.
             The game lasted 00:07:26 (3894 turns).

yokelz the Conjurer (Gnoll Conjurer)                Turns: 3894, Time: 00:07:27

Health: -4/44      AC:  3    Str:  6    XL:     6   Next: 32%
Magic:  8/14       EV: 13    Int: 19    God:
Gold:   86         SH:  0    Dex: 11    Spells: 12/15 levels left

rFire   . . .      SeeInvis .   n - +4 halberd (vorpal)
rCold   . . .      Faith    .   (shield currently unavailable)
rNeg    . . .      Spirit   .   a - +0 robe
rPois   .          Reflect  .   j - +0 helmet
rElec   .          Harm     .   (no cloak)
rCorr   .          Rampage  .   (no gloves)
Will    .....                   (no boots)
Stlth   +++.......              (no amulet)
HPRegen 0.14/turn               (no ring)
MPRegen 0.14/turn               (no ring)

@: on berserk cooldown
A: fangs 1, strong nose, distributed training
a: no special abilities


You were on level 3 of the Dungeon.
You visited 1 branch of the dungeon, and saw 3 of its levels.

You collected 86 gold pieces.

Inventory:

Hand Weapons
 c - a +0 spear
 e - a +0 whip
 n - a +4 vorpal halberd (weapon)
 o - a +4 short sword
Armour
 a - a +0 robe (worn)
 j - a +0 helmet (worn)
Jewellery
 k - an amulet of guardian spirit
Scrolls
 b - a scroll of enchant armour
 g - a scroll of blinking {unknown}
 l - a scroll of enchant weapon {unknown}
 m - a scroll of immolation {unknown}
Potions
 d - a potion of attraction
 i - a potion of flight


   Skills:
 + Level 1.9 Fighting
 + Level 1.9 Short Blades
 + Level 1.9 Long Blades
 + Level 1.9 Axes
 + Level 1.9 Maces & Flails
 + Level 1.9 Polearms
 + Level 1.9 Staves
 + Level 1.9 Slings
 + Level 1.9 Bows
 + Level 1.9 Crossbows
 + Level 1.9 Throwing
 + Level 1.9 Armour
 + Level 5.0 Dodging
 + Level 4.6 Stealth
 + Level 1.9 Shields
 + Level 1.9 Unarmed Combat
 + Level 5.3 Spellcasting
 + Level 7.3 Conjurations
 + Level 1.5 Hexes
 + Level 1.5 Summonings
 + Level 1.5 Necromancy
 + Level 1.5 Translocations
 + Level 1.5 Transmutations
 + Level 1.5 Fire Magic
 + Level 1.5 Ice Magic
 + Level 1.5 Air Magic
 + Level 1.5 Earth Magic
 + Level 1.5 Poison Magic
 + Level 2.1 Invocations
 + Level 1.9 Evocations


You had 12 spell levels left.
You knew the following spells:

 Your Spells              Type           Power      Damage    Failure   Level
a - Magic Dart            Conj           100%       1d8       1%          1
b - Searing Ray           Conj           64%        2d6       1%          2

Your spell library contained the following spells:

 Spells                   Type           Power      Damage    Failure   Level
 Dazzling Flash           Conj/Hex       42%        N/A       6%          3
 Gell's Gravitas          Tloc           10%        N/A       19%         3
 Lesser Beckoning         Tloc           10%        N/A       19%         3
 Teleport Other           Tloc           10%        N/A       19%         3
 Fulminant Prism          Conj/Hex       10%        3d9       19%         4
 Iskenderun's Mystic Bla  Conj/Tloc      21%        2d6       19%         4


Dungeon Overview and Level Annotations

Branches:
Dungeon (3/15)

Altars:
Hepliaklqana


Innate Abilities, Weirdness & Mutations

You have very sharp teeth.
Your uncanny sense of smell can sniff out nearby items.
Your experience applies equally to all skills.


Message History

The orc priest barely misses you. Something hits you.
* * * LOW HITPOINT WARNING * * *
It was a potion of curing.
You feel better.
The orc priest looks encouraged for a moment.
Something hits you.
* * * LOW HITPOINT WARNING * * *
The orc priest hits you but does no damage.
You hear some strange, mumbled words.
You are confused.
It was a potion of cancellation.
Your magical effects are unravelling.
You feel magically purged.
You feel yourself speed up.
You float gracefully downwards.
You feel less confused. Something hits you.
* * * LOW HITPOINT WARNING * * *
The orc priest hits you with a +0 club.
* * * LOW HITPOINT WARNING * * *
Casting: Searing Ray (safe; 1% risk of failure)
Confirm with . or Enter, or press ? or * to list all spells.
Aiming: Searing Ray (safe; 1% risk of failure)
Press: ? - help, Shift-Dir - straight line The searing ray hits the orc priest.
The orc priest is moderately wounded.
The searing ray hits something.
Reactivating autopickup.
You feel a bit more experienced. (Press . to maintain the ray.)
The orc priest closely misses you.
Your Dodging skill increases to level 5!
The searing ray hits the orc priest.
The orc priest is moderately wounded.
The orc priest hits you with a +0 club.
* * * LOW HITPOINT WARNING * * *
The searing ray hits the orc priest.
The orc priest is heavily wounded.
The orc priest invokes the aid of Beogh against you.
Beogh smites you!
You die... ....#..........# #####.#.##.##### #..>...# ######### ###.#### #.......#### ##.## #.##.......# ### #...# #.##.##.##.# oo..

#...# #.##....##.# .....
#...# #.##.##.##.##.)..$.
#...# #)o@........)o.....
#...# ####..#######......
#...#########.##.....
.....
######..(.................
....
................##.##.....
... ................##.#
..## ##
................##.# .#8 ∆
∆ 8 ####.#........####..
#≈ ∆∆ # #.#....##### ### #


You could see an orc priest.

Vanquished Creatures
  Natasha (thrice) (D:3)
  2 orc wizards (D:3)
  Robin (D:2)
  3 gnolls (D:3)
  2 adders
  A worm (D:2)
  2 dart slugs (D:1)
  4 orcs (D:3)
  13 endoplasms
  5 giant cockroaches
  12 goblins
  9 hobgoblins
  3 jackals (D:3)
  6 quokkas
  10 ball pythons
  5 bats
  6 frilled lizards
  6 kobolds
  7 rats
100 creatures vanquished.

Vanquished Creatures (others)
  2 plants (D:1)
2 creatures vanquished.

Grand Total: 102 creatures vanquished

Notes
Turn   | Place    | Note
-------+----------+-------------------------------------------
     0 | D:1      | yokelz the Gnoll Conjurer began the quest for the Orb.
     0 | D:1      | Reached XP level 1. HP: 13/13 MP: 6/6
    25 | D:1      | Found a faded altar of an unknown god.
   215 | D:1      | Reached XP level 2. HP: 19/19 MP: 2/7
   354 | D:1      | Learned a level 2 spell: Searing Ray
   841 | D:1      | Reached skill level 5 in Spellcasting
   841 | D:1      | Reached XP level 3. HP: 25/25 MP: 4/9
  1307 | D:2      | Reached skill level 1 in Invocations
  1423 | D:2      | Reached skill level 1 in Fighting
  1423 | D:2      | Reached skill level 1 in Short Blades
  1423 | D:2      | Reached skill level 1 in Long Blades
  1423 | D:2      | Reached skill level 1 in Axes
  1423 | D:2      | Reached skill level 1 in Maces & Flails
  1423 | D:2      | Reached skill level 1 in Polearms
  1423 | D:2      | Reached skill level 1 in Staves
  1423 | D:2      | Reached skill level 1 in Slings
  1423 | D:2      | Reached skill level 1 in Bows
  1423 | D:2      | Reached skill level 1 in Crossbows
  1423 | D:2      | Reached skill level 1 in Throwing
  1423 | D:2      | Reached skill level 1 in Armour
  1423 | D:2      | Reached skill level 1 in Shields
  1423 | D:2      | Reached skill level 1 in Unarmed Combat
  1423 | D:2      | Reached skill level 1 in Evocations
  1517 | D:2      | Reached XP level 4. HP: 32/32 MP: 6/11
  1760 | D:2      | Found a hazy altar of Hepliaklqana.
  1832 | D:2      | Noticed Robin
  1960 | D:2      | Killed Robin
  2093 | D:2      | Reached skill level 1 in Hexes
  2093 | D:2      | Reached skill level 1 in Summonings
  2093 | D:2      | Reached skill level 1 in Necromancy
  2093 | D:2      | Reached skill level 1 in Translocations
  2093 | D:2      | Reached skill level 1 in Transmutations
  2093 | D:2      | Reached skill level 1 in Fire Magic
  2093 | D:2      | Reached skill level 1 in Ice Magic
  2093 | D:2      | Reached skill level 1 in Air Magic
  2093 | D:2      | Reached skill level 1 in Earth Magic
  2093 | D:2      | Reached skill level 1 in Poison Magic
  2892 | D:3      | Reached XP level 5. HP: 37/37 MP: 4/12
  3146 | D:3      | Noticed Natasha
  3151 | D:3      | Killed Natasha
  3177 | D:3      | Noticed Natasha
  3183 | D:3      | Killed Natasha
  3275 | D:3      | Noticed Natasha
  3297 | D:3      | Killed Natasha
  3298 | D:3      | Reached XP level 6. HP: 26/44 MP: 6/13
  3893 | D:3      | Reached skill level 5 in Dodging
  3894 | D:3      | Killed from afar by an orc priest

Illustrated notes

Levels and vault maps discovered:
D:1:      amcnicky_arrival_choice, layout_loops_ring,
          dreamdust_ecumenical_altar_hidden_monk_grotto, minivault_27,
          minmay_pentomino_o2
D:2:      layout_basic, basic_altar, uniq_robin
D:3:      gammafunk_wand_slinger, layout_loops_cross, uniq_natasha

Skill      XL: |  1  2  3  4  5  6 |
---------------+-------------------+-----
Spellcasting   | 5 |  5.3
Invocations    | 1 2 |  2.1
Fighting       | 1 |  1.9
Short Blades   | 1 |  1.9
Long Blades    | 1 |  1.9
Axes           | 1 |  1.9
Maces & Flails | 1 |  1.9
Polearms       | 1 |  1.9
Staves         | 1 |  1.9
Slings         | 1 |  1.9
Bows           | 1 |  1.9
Crossbows      | 1 |  1.9
Throwing       | 1 |  1.9
Armour         | 1 |  1.9
Shields        | 1 |  1.9
Unarmed Combat | 1 |  1.9
Evocations     | 1 |  1.9
Hexes          | 1 |  1.5
Summonings     | 1 |  1.5
Necromancy     | 1 |  1.5
Translocations | 1 |  1.5
Transmutations | 1 |  1.5
Fire Magic     | 1 |  1.5
Ice Magic      | 1 |  1.5
Air Magic      | 1 |  1.5
Earth Magic    | 1 |  1.5
Poison Magic   | 1 |  1.5
Dodging        | 5 |  5.0
Stealth        | |  4.6
Conjurations   | |  7.3

Action                   |  1- 3 |  4- 6 || total
-------------------------+-------+-------++-------
Melee: Unarmed           |     5 |       ||     5
       Punch             |     1 |       ||     1
       Spear             |     3 |     6 ||     9
       Bite              |       |     1 ||     1
       Halberd           |       |     2 ||     2
 Cast: Magic Dart        |    75 |   102 ||   177
       Searing Ray       |       |     9 ||     9
  Use: Scroll            |     2 |       ||     2
       Potion            |       |     4 ||     4
 Stab: Sleeping          |       |     2 ||     2
Armor: Robe              |       |     4 ||     4
Dodge: Dodged            |     5 |    15 ||    20
